 Dungeon Crawl Stone Soup version 0.18.1-48-g4cf74bf (webtiles) character file.

149 xylonsteve the Grasshopper (level 5, -6/25 HPs)
             Began as a Spriggan Warper on June 25, 2016.
             Was an Initiate of Okawaru.
             Mangled by a gnoll (7 damage)
             ... on level 3 of the Dungeon.
             The game lasted 00:17:56 (3156 turns).

xylonsteve the Grasshopper (Spriggan Warper)        Turns: 3156, Time: 00:17:58

Health: -6/25      AC:  3    Str:  7    XL:     5   Next: 9%
Magic:  18/20      EV: 19    Int: 14    God:    Okawaru [......]
Gold:   135        SH:  0    Dex: 17    Spells: 4 memorised, 2 levels left

rFire  . . .     SeeInvis +     l - +0 dagger (venom)
rCold  . . .     Gourm    .     b - +0 robe
rNeg   . . .     Faith    .     (shield restricted)
rPois  .         Spirit   .     (helmet restricted)
rElec  .         Dismiss  .     p - +0 cloak
rCorr  .         Reflect  .     (gloves unavailable)
SustAt .         Harm     .     (boots unavailable)
MR     .....                    (no amulet)
Stlth  +++.......               u - +3 ring of slaying
                                s - ring of magical power

@: lethally poisoned (-6 -> -13), very slightly contaminated, very quick, not
resistant to hostile enchantments, fairly stealthy
A: unfitting armour, see invisible, herbivore 3, speed 3, slow metabolism 2
a: Renounce Religion


You were on level 3 of the Dungeon.
You worshipped Okawaru.
Okawaru was noncommittal.
You were not hungry.

You visited 1 branch of the dungeon, and saw 4 of its levels.

You collected 135 gold pieces.

Inventory:

Hand Weapons
 a - a +0 short sword
 k - a +0 hunting sling
 l - a +0 dagger of venom (weapon)
Missiles
 e - 5 tomahawks of dispersal (quivered)
 h - 9 poisoned needles
 i - 31 stones
 j - 2 throwing nets
Armour
 b - a +0 robe (worn)
 p - a +0 cloak (worn)
Jewellery
 s - a ring of magical power (left hand)
 u - a +3 ring of slaying (right hand)
 w - an uncursed ring of fire
Scrolls
 d - a scroll of blinking
 g - 2 scrolls of identify
 q - a scroll of teleportation
 y - a scroll of remove curse
Potions
 m - a potion of berserk rage {unknown}
 o - 2 potions of resistance
 r - a potion of flight {unknown}
 v - a potion of mutation {unknown}
 x - a potion of heal wounds {unknown}
 z - a potion of haste {unknown}
Books
 c - a book of Spatial Translocations

   Spells                             Type                      Level
   a - Apportation                    Translocation                1
   b - Blink                          Translocation                2
   c - Shroud of Golubria             Charms/Translocation         2
   d - Portal Projectile              Translocation                3
   e - Teleport Other                 Translocation                3
   f - Passage of Golubria            Translocation                4
Comestibles
 f - 4 bread rations
 t - a slice of pizza
 A - a royal jelly


   Skills:
 - Level 1.5 Fighting
 + Level 4.1 Short Blades
 - Level 1.0 Throwing
 - Level 3.5 Dodging
 + Level 3.0 Stealth
 + Level 3.4 Spellcasting
 - Level 5.8 Translocations


You had 2 spell levels left.
You knew the following spells:

 Your Spells              Type           Power        Failure   Level  Hunger
a - Apportation           Tloc           ###.......   1%          1    #......
b - Blink                 Tloc           N/A          2%          2    ##.....
c - Shroud of Golubria    Chrm/Tloc      ##........   12%         2    ##.....
d - Teleport Other        Tloc           ###.....     8%          3    ###....


Dungeon Overview and Level Annotations

Branches:
Dungeon (4/15)
 Temple: D:4-7

Altars:
Gozag
Nemelex Xobeh
Okawaru
Vehumet


Innate Abilities, Weirdness & Mutations

You are tiny and cannot use many weapons and most armour.
You have supernaturally acute eyesight.
You are a herbivore.
You cover ground extremely quickly.
You need consume almost no food.


Message History

You kill the gnoll!
Okawaru accepts your kill.
Your Stealth skill increases to level 3!
You climb downwards.
The gnoll closely misses you. The gnoll completely misses you.
The gnoll barely misses you. The gnoll misses you. x2
There is a stone staircase leading up here.
The gnoll hits you with a halberd. The gnoll closely misses you.
The gnoll hits you with a whip of venom.
You are poisoned.
You climb upwards.
You feel sick.
There is a stone staircase leading down here.
Cast which spell? (? or * to list)
You miscast Blink.
You are very lightly contaminated with residual magic.
The air around you crackles with energy!
You feel sick. The gnoll hits you with a halberd!
* * * LOW HITPOINT WARNING * * *
The gnoll misses you. The gnoll hits you!
You die...

.# #...#........#...#.#.#.# .#
#...####.....).#.#.#.#.#
.#####...รท.....<..#.#.#.#.#.#
.##..............##.###.#.#.#
.##.)...................#.#.#
.##..............##.#####.#.#
.#####.#.####.#..##.# #.#.# .#
#.#.# #.#g)##.#####.#.#
.#####.#.# #..g@g........#.#
.......#.# ####)##.#######.#
########.# #.#........#.#
.........# #.#........#.#
########.# #.#........#.# ###
#.#..........#####
#.#...............
#.#...............
#.#####.##...[....


You could see 3 gnolls.

Vanquished Creatures
  A hound (D:3)
  An orc priest (D:3)
  An adder (D:2)
  A gnoll (D:3)
  A worm (D:3)
  3 giant geckos
  4 orcs (D:3)
  2 giant cockroaches
  4 goblins
  6 hobgoblins
  13 jackals
  4 kobolds
  10 bats
  A giant newt (D:1)
  6 rats
58 creatures vanquished.

Notes
Turn   | Place    | Note
--------------------------------------------------------------
     0 | D:1      | xylonsteve the Spriggan Warper began the quest for the Orb.
     0 | D:1      | Reached XP level 1. HP: 10/10 MP: 5/5
    95 | D:1      | Reached XP level 2. HP: 11/14 MP: 7/7
   673 | D:1      | Learned a level 2 spell: Blink
   676 | D:1      | Learned a level 2 spell: Shroud of Golubria
  1036 | D:2      | Found an opulent altar of Gozag.
  1140 | D:2      | Found an iron altar of Okawaru.
  1152 | D:2      | Became a worshipper of Warmaster Okawaru
  1167 | D:2      | Reached XP level 3. HP: 18/18 MP: 8/8
  1292 | D:2      | Reached skill level 5 in Translocations
  1296 | D:2      | Found a radiant altar of Vehumet.
  1900 | D:3      | Found a sparkling altar of Nemelex Xobeh.
  2046 | D:3      | Reached skill level 1 in Stealth
  2204 | D:3      | Reached XP level 4. HP: 14/22 MP: 10/10
  2239 | D:3      | Learned a level 3 spell: Teleport Other
  3102 | D:3      | Reached XP level 5. HP: 25/25 MP: 11/11
  3156 | D:3      | HP: 1/25 [gnoll/halberd (9)]
  3156 | D:3      | Mangled by a gnoll

Skill      XL: |  1  2  3  4  5 |
---------------+----------------+-----
Spellcasting   | 3 |  3.4
Translocations | 5 |  5.8
Short Blades   | 3 4 |  4.1
Stealth        | 1 2 3 |  3.0
Fighting       | |  1.5
Throwing       | |  1.0
Dodging        | |  3.5

Action                   |  1- 3 |  4- 6 || total
-------------------------+-------+-------++-------
Melee: Short sword       |    29 |       ||    29
       Dagger            |   109 |    55 ||   164
  Use: Scroll            |     5 |     1 ||     6
 Stab: Sleeping          |     4 |       ||     4
Armor: Robe              |     6 |     7 ||    13
Dodge: Dodged            |   111 |    38 ||   149
